 Dungeon Crawl Stone Soup version 0.29-a0-565-g7a16c6de65 (webtiles) character file.

Game seed: 3685897887686122111

345 Bruhh the Ducker (level 6, 0/44 HPs)
             Began as a Merfolk Gladiator on June 12, 2022.
             Slain by a gnoll
             ... wielding a +0 flail
             ... led by a gnoll shaman
              (8 damage)
             ... on level 4 of the Dungeon.
             The game lasted 00:05:18 (5586 turns).

Bruhh the Ducker (Merfolk Gladiator)                Turns: 5586, Time: 00:05:18

Health: 0/44       AC:  4    Str: 15    XL:     6   Next: 58%
Magic:  6/6        EV: 15    Int:  7    God:
Gold:   190        SH:  0    Dex: 17    Spells: 5/5 levels left

rFire   . . .      SeeInvis .   a - +0 long sword
rCold   . . .      Faith    .   (no shield)
rNeg    . . .      Spirit   .   b - +0 leather armour
rPois   .          Reflect  .   c - +0 helmet
rElec   .          Harm     .   (no cloak)
rCorr   .          Rampage  .   (no gloves)
Will    .....                   (no boots)
Stlth   +.........              (no amulet)
HPRegen 0.14/turn               (no ring)
MPRegen 0.10/turn               (no ring)

@: studying Slings
A: (nimble swimmer 2), mertail
a: no special abilities


You were on level 4 of the Dungeon.
You visited 1 branch of the dungeon, and saw 4 of its levels.

You collected 190 gold pieces.

Inventory:

Hand Weapons
 a - a +0 long sword (weapon)
Missiles
 d - 3 throwing nets (quivered)
 e - a javelin
 f - 2 silver javelins
Armour
 b - a +0 leather armour (worn)
 c - a +0 helmet (worn)
Jewellery
 h - a ring of flight
 j - an amulet of faith
Scrolls
 k - a scroll of fear {unknown}
 l - 4 scrolls of vulnerability
 p - 3 scrolls of identify
 q - a scroll of torment {unknown}
 s - a scroll of silence {unknown}
 t - a scroll of fog
Potions
 i - 2 potions of degeneration
 m - a potion of flight {unknown}
 o - a potion of lignification {unknown}
 u - 2 potions of resistance


   Skills:
 - Level 2.1 Fighting
 + Level 6.6 Long Blades
 - Level 2.0 Throwing
 + Level 7.2 Dodging


You had 5 spell levels left.
You didn't know any spells.
Your spell library contained the following spells:

 Spells                   Type           Power      Damage    Failure   Level
 Ensorcelled Hibernation  Hex/Ice        0%         N/A       65%         2
 Spider Form              Tmut/Pois      0%         N/A       86%         3
 Stone Arrow              Conj/Erth      0%         3d7       86%         3
 Anguish                  Hex/Necr       0%         N/A       99%         4
 Animate Armour           Summ/Erth      0%         N/A       99%         4
 Lehudib's Crystal Spear  Conj/Erth      0%         10d2      100%        8


Dungeon Overview and Level Annotations

Branches:
Dungeon (4/15)
 Temple: D:4-7

Altars:
Elyvilon

Annotations:
D:4 2 transporters, ryzyn's ghost, amateur SpEn


Innate Abilities, Weirdness & Mutations

((You are very nimble when in or above water. (Stealth+, EV+, Speed+++)))
Your lower body shifts to a powerful aquatic tail in water.


Message History

The gnoll attacks as you move away! The gnoll closely misses you.
Things that are here:
a +0 whip; a gnoll corpse You see here a throwing net.
The gnoll attacks as you move away! The gnoll barely misses you.
You barely miss the gnoll. The gnoll barely misses you.
You hit the gnoll.
The gnoll is moderately wounded.
The gnoll hits you with a +0 flail.
The gnoll hits you from afar with a +0 halberd.
You hit the gnoll.
The gnoll is severely wounded.
The gnoll hits you from afar with a +0 halberd!
The gnoll hits you with a +0 flail.
* * * LOW HITPOINT WARNING * * *
You are too injured to fight recklessly!
Okay, then.
The gnoll attacks as you move away! The gnoll hits you but does no damage.
You feel better. The gnoll barely misses you. The gnoll closely misses you.
The gnoll attacks as you move away! The gnoll barely misses you.
You hit the gnoll but do no damage.
The gnoll is severely wounded.
The gnoll barely misses you.
You completely miss the gnoll.
The gnoll is severely wounded.
The gnoll barely misses you.
The gnoll hits you from afar with a +0 halberd.
The gnoll hits you with a +0 flail!
* * * LOW HITPOINT WARNING * * *
The gnoll hits you from afar with a +0 halberd.
* * * LOW HITPOINT WARNING * * *
You feel better.
The gnoll hits you from afar with a +0 halberd.
* * * LOW HITPOINT WARNING * * *
The gnoll hits you with a +0 flail.
* * * LOW HITPOINT WARNING * * *
As you read the scroll labelled ILEOTS JIRERAA, it crumbles to dust.
The scroll dissolves into smoke.
It was a scroll of fog.
The gnoll hits you with a +0 flail!
You die...

#.#)##.###..## #.#.#
#..(.........###...######
####.#.##...............#
#.#.###...###..#####.#
#g#.####.####..#
#g#............#
#.############.#
#.######### #.#
#.g§gg@§§.# #.#
#########.# #.# #.# ..#
##


You could see 2 gnolls.

Vanquished Creatures
  A scorpion (D:4)
  A hound (D:4)
  An iguana (D:3)
  Terence (D:3)
  5 gnolls
  4 adders
  3 worms
  5 dart slugs
  3 orcs (D:4)
  11 endoplasms
  3 giant cockroaches
  12 goblins
  7 hobgoblins
  5 jackals
  9 kobolds
  5 quokkas
  6 ball pythons
  6 bats
  3 frilled lizards
  6 rats
97 creatures vanquished.

Notes
Turn   | Place    | Note
-------+----------+-------------------------------------------
     0 | D:1      | Bruhh the Merfolk Gladiator began the quest for the Orb.
     0 | D:1      | Reached XP level 1. HP: 16/16 MP: 1/1
    30 | D:1      | Found a faded altar of an unknown god.
   162 | D:1      | Reached XP level 2. HP: 20/22 MP: 2/2
   675 | D:1      | Reached XP level 3. HP: 22/27 MP: 3/3
  1229 | D:1      | Reached skill level 5 in Dodging
  1528 | D:2      | Reached XP level 4. HP: 21/33 MP: 4/4
  1827 | D:2      | Found a white marble altar of Elyvilon.
  1960 | D:2      | Reached skill level 5 in Long Blades
  2703 | D:3      | Noticed Terence
  2733 | D:3      | Killed Terence
  2734 | D:3      | Reached skill level 6 in Dodging
  2734 | D:3      | Reached XP level 5. HP: 32/38 MP: 5/5
  4836 | D:4      | Reached XP level 6. HP: 15/44 MP: 6/6
  5050 | D:4      | Reached skill level 7 in Dodging
  5195 | D:4      | Found a transporter.
  5226 | D:4      | Noticed ryzyn's ghost (amateur SpEn)
  5243 | D:4      | Found a transporter.
  5578 | D:4      | HP: 2/44 [gnoll/+0 halberd[a gnoll shaman] (1)]
  5586 | D:4      | Slain by a gnoll

Illustrated notes

Levels and vault maps discovered:
D:1:      ncdulo_watergridlock, layout_loops_ring, basic_ecumenical_altar,
          minmay_tetromino_i2
D:2:      layout_loops_corners, basic_altar
D:3:      layout_basic, minmay_misc_feat_ornament, uniq_terence
D:4:      layout_loops_ring, gammafunk_ghost_stat_death,
          minmay_manual_mandibuliform

Skill      XL: |  1  2  3  4  5  6 |
---------------+-------------------+-----
Long Blades    | 4 5 6 |  6.6
Dodging        | 5 6 7 |  7.2
Fighting       | |  2.1
Throwing       | |  2.0

Action                   |  1- 3 |  4- 6 || total
-------------------------+-------+-------++-------
Melee: Long sword        |    95 |   225 ||   320
       Punch             |     1 |     2 ||     3
  Use: Scroll            |       |    10 ||    10
       Potion            |       |     3 ||     3
 Stab: Sleeping          |     2 |     3 ||     5
Armor: Leather armour    |    24 |    41 ||    65
Dodge: Dodged            |    60 |   214 ||   274

Table legend: (Time is in decaauts)
 A = Elapsed time spent in this place.
 B = Non-inter-level travel time spent in this place.
 C = Inter-level travel time spent in this place.
 D = Time resting spent in this place.
 E = Time spent auto-exploring this place.
 F = Levels seen in this place.
 G = Mean time per level.
                   A        B        C        D        E       F      G
               +--------+--------+--------+--------+--------+-----+--------+
         Total |   5629 |   5533 |     96 |    457 |   4228 |   4 | 1407.2 |
       Dungeon |   5629 |   5533 |     96 |    457 |   4228 |   4 | 1407.2 |
               +--------+--------+--------+--------+--------+-----+--------+

Top non-repeatable levels by time:
     D:3: 1605 daAuts
     D:4: 1402 daAuts
     D:2: 1328 daAuts
     D:1: 1293 daAuts
